 Dungeon Sprint DCSS version 0.20-b1 (webtiles) character file.

275295 Snowbourne the Ninja (level 12, 39/51 HPs)
             Began as a Spriggan Enchanter on May 18, 2017.
             Was the Champion of Dithmenos.
             Escaped with the Orb!
             The game lasted 00:32:34 (2229 turns).

Snowbourne the Ninja (Spriggan Enchanter)           Turns: 2229, Time: 00:32:35

Health: 39/51      AC:  3    Str:  4    XL:     12   Next: 52%
Magic:  17/17      EV: 40    Int: 20    God:    Dithmenos [******]
Gold:   622        SH:  0    Dex: 29    Spells: 4/16 levels left

rFire    . . .     SeeInvis +   i - +0 dagger (drain)
rCold    . . .     Gourm    .   (shield restricted)
rNeg     . . .     Faith    .   q - +1 robe of Summertime {MR+ Int+3}
rPois    .         Spirit   .   o - -2 hat "Sadaime" {Dex+8 Slay+3} (curse)
rElec    .         Reflect  .   p - +1 cloak
rCorr    .         Harm     .   (gloves unavailable)
MR       +++..     NoTele   +   (boots unavailable)
Stlth    +++++++...             (no amulet)
Regen    0.2/turn               (no ring)
MPRegen  0.2/turn               (no ring)

@: wreathed by umbra, very quick
A: unfitting armour, see invisible, herbivore 3, speed 3, slow metabolism 2
0: Orb of Zot
a: Shadow Step, Shadow Form, Renounce Religion


You escaped.
You worshipped Dithmenos.
Dithmenos was exalted by your worship.
You were not hungry.

You visited 1 branch You collected 1381 gold pieces.
You spent 730 gold pieces at shops.
You donated 29 gold pieces to Zin.

Inventory:

Hand Weapons
 a - a +1 dagger
 i - a +0 dagger of draining (weapon)
Armour
 b - a +0 robe
 o - the cursed -2 hat "Sadaime" (worn) {Dex+8 Slay+3}
   (You bought it in a shop in the Dungeon)

   It affects your dexterity (+8).
   It affects your accuracy and damage with ranged weapons and melee attacks
   (+3).
   It has a curse placed upon it.
 p - a +1 cloak (worn)
 q - the +1 robe of Summertime (worn) {MR+ Int+3}
   (You bought it in a shop in the Dungeon)

   It affects your intelligence (+3).
   It affects your resistance to hostile enchantments.
Wands
 l - a wand of acid (7/15)
Scrolls
 k - a scroll of amnesia
Potions
 e - 3 potions of curing
 f - 2 potions of heal wounds
 g - a potion of haste
 h - a potion of ambrosia {unknown}
 m - a potion of agility {unknown}
 r - a potion of degeneration {unknown}
 t - a potion of invisibility {unknown}
Books
 c - a book of Maledictions

   Spells                             Type                      Level
   a - Corona                         Hexes                        1
   b - Ensorcelled Hibernation        Hexes/Ice                    2
   c - Confuse                        Hexes                        3
   d - Tukima's Dance                 Hexes                        3
   e - Dazzling Spray                 Conjuration/Hexes            3


   Skills:
 - Level 11.4 Short Blades
 + Level 20.2 Dodging
 O Level 27 Stealth
 - Level 2.6 Spellcasting
 + Level 20.2 Hexes
 + Level 3.0 Invocations


You had 4 spell levels left.
You knew the following spells:

 Your Spells              Type           Power        Failure   Level  Hunger
a - Corona                Hex            ######.      0%          1    None
b - Ensorcelled Hibernat  Hex/Ice        #####.       1%          2    ##.....
c - Confuse               Hex            ######..     0%          3    ###....
d - Dazzling Spray        Conj/Hex       #####.       1%          3    ###....
e - Tukima's Dance        Hex            ######..     0%          3    ###....


Dungeon Overview and Level Annotations

Branches:
Dungeon (1/1)

Altars:
Cheibriados
Dithmenos
Elyvilon
Fedhas
Gozag
Hepliaklqana
Kikubaaqudgha
Makhleb
Nemelex Xobeh
Okawaru
Qazlal
Ru
Sif Muna
Trog
Uskayaw
Vehumet
Xom
Yredelemnul
Zin
The Shining One
Jiyva
Lugonu

Shops:
D (?(::[:%[%**!=***%}[:

Annotations:
D Tiamat


Innate Abilities, Weirdness & Mutations

You are very small and have problems with some larger weapons.
You are too small for most types of armour.
You have supernaturally acute eyesight. (SInv)
You are a herbivore.
You cover ground extremely quickly.
You need consume almost no food.


Message History

Your magical contamination has completely faded away.
You start resting.
HP restored.
You start waiting.
An Executioner and a large abomination come into view.
There is a staircase leading out of the dungeon here.
Casting: Confuse
Confirm with . or Enter, or press ? or * to list all spells.
You can't see any susceptible monsters within range! (Use Z to cast anyway.)
Casting: Confuse
Confirm with . or Enter, or press ? or * to list all spells.
Aiming: Confuse
Press: ? - help, Shift-Dir - straight line, f - large abomination
Aim: a large abomination (umbra, chance to defeat MR: 16%)
Okay, then.
Unknown command.
The Executioner completely misses you. x3; The Executioner hits you!
You emit a cloud of dark smoke.
The Executioner hits you. The Executioner misses you.
You have escaped!

##################
#@1#..'..#.)'..#__
#§§X[.#.)'..#..'..
#§§#####'#####'#__
#..####..#...#[###
#..#__####..##(#§§
#..#_____##'#.§'≈§
#⌠⌠#_.∩...'..§_#≈§
####_..__##_.#'##§
*,,#_____###'#)#..


You could see an Executioner and a large abomination.

Vanquished Creatures
  4 fire giants (D)
  2 centaur warriors (D)
  A hydra (D)
  Sonja (D)
  7 unseen horrors (D)
  A deep troll (D)
  A lindwurm (D)
  An oklob plant (D)
  8 shining eyes (D)
  2 kobold demonologists (D)
  4 demonic crawlers (D)
  A hornet (D)
  A slime creature (D)
  Sigmund (D)
  2 redbacks (D)
  A yak (D)
  13 hogs (D)
  7 floating eyes (D)
  7 necrophages (D)
  An ogre (D)
  A quasit (D)
  8 jellies (D)
  Ijyb (D)
  A ballistomycete spore (D)
77 creatures vanquished.

Vanquished Creatures (others)
  A white imp (D)
  A ballistomycete spore (D)
2 creatures vanquished.

Grand Total: 79 creatures vanquished

Notes
Turn   | Place    | Note
-------+----------+-------------------------------------------
     0 | D        | Snowbourne the Spriggan Enchanter began the quest for the Orb.
     0 | D        | Reached XP level 1. HP: 9/9 MP: 5/5
     2 | D        | Noticed Ijyb
    15 | D        | Killed Ijyb
    15 | D        | Reached skill level 8 in Stealth
    15 | D        | Reached skill level 5 in Hexes
    15 | D        | Reached XP level 2. HP: 13/13 MP: 6/6
    53 | D        | Learned a level 2 spell: Ensorcelled Hibernation
    65 | D        | Noticed an ogre
    67 | D        | Killed an ogre
    67 | D        | Reached skill level 12 in Stealth
    67 | D        | Reached XP level 3. HP: 15/16 MP: 8/8
    67 | D        | Reached XP level 4. HP: 20/21 MP: 9/9
    79 | D        | Noticed Sigmund
    81 | D        | Killed Sigmund
    81 | D        | Reached skill level 15 in Stealth
    81 | D        | Reached XP level 5. HP: 24/24 MP: 10/10
    81 | D        | Reached XP level 6. HP: 28/28 MP: 11/11
    93 | D        | Found a deep blue altar of Sif Muna.
    95 | D        | Found a radiant altar of Vehumet.
   104 | D        | Learned a level 3 spell: Confuse
   108 | D        | Learned a level 3 spell: Dazzling Spray
   140 | D        | Found Vewn's Book Emporium.
   140 | D        | Found an ancient bone altar of Kikubaaqudgha.
   140 | D        | Found a hazy altar of Hepliaklqana.
   140 | D        | Found a stormy altar of Qazlal.
   140 | D        | Found a hide-covered altar of Uskayaw.
   140 | D        | Found a blossoming altar of Fedhas.
   140 | D        | Found a bloodstained altar of Trog.
   140 | D        | Found an iron altar of Okawaru.
   140 | D        | Found a basalt altar of Yredelemnul.
   140 | D        | Found a glowing golden altar of the Shining One.
   140 | D        | Found a snail-covered altar of Cheibriados.
   140 | D        | Found a sacrificial altar of Ru.
   140 | D        | Found a glowing silver altar of Zin.
   140 | D        | Found a shadowy altar of Dithmenos.
   140 | D        | Found a white marble altar of Elyvilon.
   140 | D        | Noticed a yak
   141 | D        | Found an opulent altar of Gozag.
   142 | D        | Killed a yak
   142 | D        | Reached skill level 17 in Stealth
   142 | D        | Reached skill level 10 in Hexes
   157 | D        | Found a sparkling altar of Nemelex Xobeh.
   163 | D        | Became a worshipper of Zin the Law-Giver
   163 | D        | Reached * piety under Zin
   163 | D        | Reached ** piety under Zin
   163 | D        | Reached *** piety under Zin
   163 | D        | Reached **** piety under Zin
   163 | D        | Reached ***** piety under Zin
   163 | D        | Reached ****** piety under Zin
   171 | D        | Noticed Sonja
   175 | D        | Killed Sonja
   175 | D        | Reached skill level 20 in Stealth
   175 | D        | Reached XP level 7. HP: 32/32 MP: 12/12
   175 | D        | Reached XP level 8. HP: 36/36 MP: 13/13
   189 | D        | Found Fukicom's Antique Weapon Boutique.
   199 | D        | Noticed a shining eye
   199 | D        | Noticed a shining eye
   199 | D        | Noticed a shining eye
   199 | D        | Noticed a shining eye
   199 | D        | Noticed a shining eye
   199 | D        | Noticed a shining eye
   202 | D        | Noticed a shining eye
   202 | D        | Noticed a shining eye
   207 | D        | Reached skill level 5 in Dodging
   210 | D        | Reached skill level 21 in Stealth
   213 | D        | Killed a shining eye
   214 | D        | Killed a shining eye
   214 | D        | Reached skill level 22 in Stealth
   214 | D        | Reached XP level 9. HP: 39/39 MP: 14/14
   219 | D        | Killed a shining eye
   219 | D        | Reached skill level 23 in Stealth
   228 | D        | Killed a shining eye
   228 | D        | Reached skill level 10 in Dodging
   234 | D        | Killed a shining eye
   298 | D        | Killed a shining eye
   298 | D        | Reached skill level 24 in Stealth
   306 | D        | Killed a shining eye
   306 | D        | Reached skill level 15 in Hexes
   306 | D        | Reached XP level 10. HP: 44/44 MP: 4/15
   328 | D        | Killed a shining eye
   332 | D        | Found Fuacrau's Book Shop.
   332 | D        | Found Penuskuj's Magic Scroll Shoppe.
   332 | D        | Found Wutisch's Antique Armour Boutique.
   332 | D        | Found Odeaniu's Antique Weapon Emporium.
   373 | D        | Fell from the grace of Zin
   373 | D        | Became a worshipper of Dithmenos the Shadowed
   392 | D        | Learned a level 3 spell: Tukima's Dance
   428 | D        | Noticed a deep troll
   432 | D        | Killed a deep troll
   432 | D        | Reached skill level 25 in Stealth
   442 | D        | Found Buozoxt's Armour Emporium.
   511 | D        | Found a burning altar of Makhleb.
   511 | D        | Found a viscous altar of Jiyva.
   511 | D        | Found a shimmering altar of Xom.
   511 | D        | Found a corrupted altar of Lugonu.
   534 | D        | Reached * piety under Dithmenos
   543 | D        | Paralysed by a floating eye for 4 turns
   583 | D        | Noticed a centaur warrior
   583 | D        | Noticed a centaur warrior
   587 | D        | Killed a centaur warrior
   587 | D        | Reached ** piety under Dithmenos
   587 | D        | Reached skill level 26 in Stealth
   589 | D        | Killed a centaur warrior
   747 | D        | Noticed an oklob plant
   749 | D        | Killed an oklob plant
   749 | D        | Reached *** piety under Dithmenos
   756 | D        | Reached XP level 11. HP: 47/47 MP: 16/16
   780 | D        | Noticed an unseen horror
   780 | D        | Noticed an unseen horror
   782 | D        | Killed an unseen horror
   782 | D        | Reached skill level 27 in Stealth
   783 | D        | Killed an unseen horror
   783 | D        | Reached skill level 15 in Dodging
   796 | D        | Reached **** piety under Dithmenos
   844 | D        | Reached ***** piety under Dithmenos
   999 | D        | Found Visch's Food Shoppe.
   999 | D        | Found Pyopn's Book Shop.
   999 | D        | Found Buecvah's Antique Armour Boutique.
  1001 | D        | Found Nitamup's Food Emporium.
  1001 | D        | Found Fasijafe's Assorted Antiques.
  1001 | D        | Found Sylefaw's Assorted Antiques.
  1001 | D        | Found Coragum's Distillery.
  1001 | D        | Found Gigi's Jewellery Emporium.
  1001 | D        | Found Zioth's General Store.
  1001 | D        | Found Tosereysh's Assorted Antiques.
  1005 | D        | Found Avoridwo's General Store.
  1006 | D        | Found Fogau's Gadget Emporium.
  1006 | D        | Found Xoaveym's Food Boutique.
  1007 | D        | Found Diyjaq's Book Emporium.
  1011 | D        | Bought a scroll of blinking for 97 gold pieces
  1025 | D        | Bought a steaming hat for 198 gold pieces
  1025 | D        | Bought a runed cloak for 165 gold pieces
  1035 | D        | Identified the cursed -2 hat "Sadaime" {Dex+8 Slay+3} (You bought it in a shop in the Dungeon)
  1072 | D        | Bought the +1 robe of Summertime {MR+ Int+3} for 270 gold pieces
  1289 | D        | Reached ****** piety under Dithmenos
  1429 | D        | Reached skill level 5 in Short Blades
  1491 | D        | Noticed a lindwurm
  1494 | D        | Killed a lindwurm
  1551 | D        | Noticed a 12-headed hydra
  1553 | D        | Killed a 12-headed hydra
  1567 | D        | Noticed a daeva
  1570 | D        | Noticed an unseen horror
  1570 | D        | Noticed an unseen horror
  1570 | D        | Noticed an unseen horror
  1572 | D        | Noticed an unseen horror
  1573 | D        | Killed an unseen horror
  1575 | D        | Killed an unseen horror
  1576 | D        | Noticed an unseen horror
  1577 | D        | Killed an unseen horror
  1577 | D        | Reached XP level 12. HP: 40/51 MP: 14/17
  1646 | D        | Noticed a fire giant
  1647 | D        | Noticed a fire giant
  1647 | D        | Noticed a fire giant
  1647 | D        | Noticed a fire giant
  1648 | D        | Killed a fire giant
  1648 | D        | Reached skill level 10 in Short Blades
  1677 | D        | Killed a fire giant
  1728 | D        | Killed a fire giant
  1871 | D        | Killed a fire giant
  2026 | D        | Got the Orb of Zot
  2027 | D        | Noticed Tiamat
  2226 | D        | Noticed an Executioner
  2229 | D        | Escaped with the Orb!

Skill      XL: |  1  2  3  4  5  6  7  8  9 10 11 12 |
---------------+-------------------------------------+-----
Stealth        | 8 12 15 20 22 24 26 27 | 27.0
Hexes          | 5 7 9 12 13 15 16 19 20 | 20.2
Dodging        | 8 11 14 18 20 | 20.2
Short Blades   | 9 11 | 11.4
Invocations    | 3 |  3.0
Spellcasting   | |  2.6

Action                   |  1- 3 |  4- 6 |  7- 9 | 10-12 || total
-------------------------+-------+-------+-------+-------++-------
Melee: Dagger            |    13 |     4 |    82 |   120 ||   219
 Cast: Ensorcelled Hiber |       |     2 |       |    24 ||    26
       Dazzling Spray    |       |       |     7 |    12 ||    19
       Confuse           |       |       |       |    20 ||    20
Invok: Recite            |       |       |     1 |       ||     1
       Shadow Step       |       |       |       |     4 ||     4
  Use: Potion            |     1 |       |       |     3 ||     4
       Scroll            |       |       |       |     5 ||     5
 Stab: Sleeping          |     1 |     4 |     7 |    45 ||    57
       Invisible         |       |       |     3 |     6 ||     9
       Confused          |       |       |       |    10 ||    10
  Eat: Bread ration      |       |       |       |     1 ||     1
Armor: Robe              |       |       |       |     1 ||     1
Dodge: Dodged            |     5 |     1 |       |   112 ||   118
